 Dungeon Crawl Stone Soup version 0.18.1-50-g88ac8fd (webtiles) character file.

2 Nordron the Insei (level 1, -1/13 HPs)
             Began as an Octopode Transmuter on Sept 24, 2016.
             Slain by a kobold
             ... wielding a +0 whip
              (2 damage)
             ... on level 1 of the Dungeon.
             The game lasted 00:00:44 (71 turns).

Nordron the Insei (Octopode Transmuter)               Turns: 71, Time: 00:00:45

Health: -1/13      AC:  1    Str:  9    XL:     1   Next: 30%
Magic:  2/3        EV: 12    Int: 15    God:
Gold:   28         SH:  0    Dex: 12    Spells: 1 memorised, 3 levels left

rFire  . . .     SeeInvis .     f - +0 whip
rCold  . . .     Gourm    .     (no shield)
rNeg   . . .     Faith    .     (helmet restricted)
rPois  .         Spirit   .     (no amulet)
rElec  .         Dismiss  .     (no ring)
rCorr  .         Reflect  .     (no ring)
SustAt .         Harm     .     (no ring)
MR     .....                    (no ring)
Stlth  ++........               (no ring)
                                (no ring)
                                (no ring)
                                (no ring)

@: appendage, not resistant to hostile enchantments, unstealthy
A: almost no armour, amphibious, 8 rings, constrict 8, tentacle spike 3,
camouflage 1, gelatinous body 1
a: End Transformation


You were on level 1 of the Dungeon.
You were not hungry.
One of your tentacles had a temporary spike.
You visited 1 branch of the dungeon, and saw 1 of its levels.

You collected 28 gold pieces.

Inventory:

Hand Weapons
 f - a +0 whip (weapon)
Missiles
 a - 12 arrows
Potions
 d - a potion of curing {unknown}
 e - a potion of flight {unknown}
Books
 b - a book of Changes

   Spells                             Type                      Level
   a - Beastly Appendage              Transmutation                1
   b - Sticks to Snakes               Transmutation                2
   c - Spider Form                    Transmutation/Poison         3
   d - Ice Form                       Ice/Transmutation            4
   e - Blade Hands                    Transmutation                5
Comestibles
 c - a bread ration


   Skills:
 + Level 1.1 Fighting
 - Level 2.0 Dodging
 - Level 3.0 Unarmed Combat
 - Level 2.0 Spellcasting
 * Level 2.0 Transmutations


You had 3 spell levels left.
You knew the following spells:

 Your Spells              Type           Power        Failure   Level  Hunger
a - Beastly Appendage     Trmt           #.....       12%         1    #......


Dungeon Overview and Level Annotations

Branches:
Dungeon (1/15)

Altars:
Nemelex Xobeh


Innate Abilities, Weirdness & Mutations

You cannot wear most types of armour.
You are amphibious.
You can wear up to eight rings at the same time.
You can use your tentacles to constrict eight enemies at once.
Your skin changes colour to match your surroundings (Stealth).
Your rubbery body absorbs attacks (AC +1).
One of your tentacles bears a large vicious spike.


Message History

You closely miss the goblin. Your grab misses the goblin. The goblin hits you.
Casting: Beastly Appendage
Confirm with . or Enter, or press ? or * to list all spells.
One of your tentacles grows a vicious spike.
The goblin barely misses you.
You hit the goblin. Your grab misses the goblin.
The goblin is heavily wounded.
The goblin hits you.
You closely miss the goblin. You grab the goblin.
You pierce the goblin.
The goblin is severely wounded.
You constrict the goblin.
You kill the goblin!
The kobold hits you with a whip.
* * * LOW HITPOINT WARNING * * *
You closely miss the kobold. Your grab misses the kobold.
The kobold closely misses you.
You barely miss the kobold. Your grab misses the kobold.
You squeeze the kobold, but do no damage.
The kobold hits you with a whip.
You die...

♣♣♣♣♣♣♣♣♣♣♣♣############
....♣♣..................
..♣....♣....♣...........
...♣..(♣...♣...K....###.
..♣♣.......♣....@.......
......♣...♣....########.
.♣..♣♣)..♣....## .⌠>
♣......♣.....### #g...
.....♣♣......8.#$#.gs.
.♣♣............'.#
.♣..♣..♣♣.....K'.#
...♣...♣.....8.#$#._.
.....♣...♣...#####gg..


You could see a kobold.

Vanquished Creatures
  A goblin (D:1)
  A rat (D:1)
2 creatures vanquished.

Notes
Turn   | Place    | Note
--------------------------------------------------------------
     0 | D:1      | Nordron the Octopode Transmuter began the quest for the Orb.
     0 | D:1      | Reached XP level 1. HP: 13/13 MP: 3/3
    57 | D:1      | Found a sparkling altar of Nemelex Xobeh.
    57 | D:1      | Found a sparkling altar of Nemelex Xobeh.
    71 | D:1      | Slain by a kobold

Action                   || total
-------------------------++-------
Melee: Whip              ||     5
       Unarmed           ||     1
       Constrict         ||     1
       Kick              ||     1
       Tentacles         ||     1
 Cast: Beastly Appendage ||     1
Dodge: Dodged            ||     3
